 Dungeon Crawl Stone Soup version 0.17-a0-1393-gcb420ff (webtiles) character file.

124648 Slowtrain the Destroyer (level 16, -21/106 HPs)
             Began as an Octopode Ice Elementalist on June 14, 2015.
             Was the Champion of Dithmenos.
             Killed from afar by a wretched star (27 damage)
             ... with an orb of energy
             ... on level 1 of the Abyss on June 16, 2015.
             The game lasted 05:09:37 (54635 turns).

Slowtrain the Destroyer (OpIE)                     Turns: 54635, Time: 05:09:37

Health: -21/106    AC:  4    Str:  5      XL:     16   Next: 93%
Magic:  10/45      EV: 20    Int: 22 (23) God:    Dithmenos [******]
Gold:   850        SH:  0    Dex: 14      Spells: 8 memorised, 11 levels left

rFire  . . .     SeeInvis +     M - +7 dire flail
rCold  + + .     Clarity  .     (no shield)
rNeg   . . .     SustAt   .     (helmet restricted)
rPois  +         Gourm    .     l - amulet of resist mutation
rElec  .         Spirit   .     j - ring of protection from cold
rCorr  .         Warding  .     o - ring of protection from cold
rMut   +         Stasis   .     U - ring of see invisible
MR     +....                    p - ring of magical power
Stlth  ++++++++..               u - +3 ring of protection
                                c - ring of magical power
                                Y - +3 ring of evasion
                                n - ring of poison resistance (curse)

@: very slightly contaminated, non-regenerating, diseased, hasted, wreathed by
umbra, heavily drained, very quick, somewhat resistant to hostile enchantments,
extraordinarily stealthy
A: almost no armour, amphibious, 8 rings, constrict 8, camouflage 1,
deterioration 2, low mp 1, screaming 1, weak 1, gelatinous body 1
a: Shadow Step, Shadow Form, Renounce Religion


You were on level 1 of the Abyss.
You worshipped Dithmenos.
Dithmenos was exalted by your worship.
You were not hungry.

You visited 3 branches of the dungeon, and saw 27 of its levels.
You visited the Abyss 1 time.

You collected 3439 gold pieces.
You spent 2589 gold pieces at shops.

Inventory:

Hand weapons
 k - a +0 blowgun
 M - a +7 dire flail (weapon)
Missiles
 e - 37 poisoned needles
 f - 734 stones (quivered)
 m - 5 curare-tipped needles
Jewellery
 c - a ring of magical power (on tentacle)
 j - a ring of protection from cold (left tentacle)
 l - an amulet of resist mutation (around mantle)
 n - a cursed ring of poison resistance (on tentacle)
 o - a ring of protection from cold (right tentacle)
 p - a ring of magical power (on tentacle)
 q - an uncursed amulet of resist corrosion
 r - an uncursed ring of stealth
 s - an uncursed ring of protection from magic
 u - a +3 ring of protection (on tentacle)
 K - an uncursed amulet of stasis
 U - a ring of see invisible (on tentacle)
 Y - a +3 ring of evasion (on tentacle)
Magical devices
 w - a wand of invisibility (2)
 z - a wand of teleportation (5)
 D - a wand of confusion (29)
 I - a wand of polymorph (18)
 L - a wand of digging (9)
 R - a wand of disintegration (8)
 V - a wand of lightning (6)
 Z - a wand of cold (1)
Scrolls
 h - 3 scrolls of silence
 t - 6 scrolls of teleportation
 y - 3 scrolls of fog
 B - 11 scrolls of remove curse
 F - a scroll of summoning
 G - a scroll of vulnerability
 N - 5 scrolls of fear
 P - 2 scrolls of magic mapping
 X - a scroll of torment
Potions
 d - 4 potions of brilliance
 g - a potion of curing
 v - 3 potions of magic
 A - 3 potions of agility
 C - a potion of ambrosia
 E - 2 potions of resistance
 H - 2 potions of haste
 J - 3 potions of flight
 O - 5 potions of might
 T - 2 potions of cancellation
 W - a potion of lignification
Miscellaneous
 S - a lantern of shadows
Comestibles
 a - a meat ration
 b - 13 bread rations
 i - 25 fruits


   Skills:
 - Level 8.4(6.1) Fighting
 - Level 10.0(7.6) Maces & Flails
 - Level 10.4(8.1) Dodging
 - Level 7.0(4.9) Stealth
 - Level 10.5(8.1) Spellcasting
 + Level 14.1(11.5) Conjurations
 - Level 3.5(1.5) Charms
 - Level 5.0(2.9) Summonings
 - Level 9.5(7.2) Ice Magic
 - Level 10.1(7.8) Poison Magic
 + Level 10.0(7.7) Invocations
 - Level 6.4(4.3) Evocations


You had 11 spell levels left.
You knew the following spells:

 Your Spells              Type           Power        Failure   Level  Hunger
a - Freeze                Ice            ####         1%          1    None
b - Throw Frost           Conj/Ice       ######       1%          2    None
c - Ozocubu's Armour      Chrm/Ice       ####....     4%          3    None
d - Throw Icicle          Conj/Ice       ######..     1%          4    ###....
e - Summon Ice Beast      Ice/Summ       ####....     12%         4    ###....
f - Condensation Shield   Ice            #####.....   4%          4    ###....
g - Poison Arrow          Conj/Pois      ######....   24%         6    ######.
h - Summon Butterflies    Summ           ###.....     1%          1    None


Dungeon Overview and Level Annotations

Branches:
Dungeon (15/15)            Temple (0/1) D:5            Lair (8/8) D:9
 Shoals (0/4) Lair:6       Spider (0/4) Lair:5        Slime (0/6) Lair:8
    Orc (4/4) D:9             Elf (0/3) Orc:3        Vaults (0/5) D:13
 Depths: D:15

Altars:
Dithmenos
Sif Muna
Trog
Lugonu

Shops:
D:11 *   Orc:2 (   Orc:3 *   Orc:4 !!**=

Annotations:
D:5 exclusions: ice beast and sky beast
D:10 exclusion: 2 doors
D:12 Psyche


Innate Abilities, Weirdness & Mutations

You cannot wear most types of armour.
You are amphibious.
You can wear up to eight rings at the same time.
You can use your tentacles to constrict eight enemies at once.
Your skin changes colour to match your surroundings (Stealth).
Your rubbery body absorbs attacks (AC +1).
[Your body often deteriorates upon taking damage.]
[Your magical capacity is low (-10% MP).]
[You occasionally shout uncontrollably at your foes.]
[You are weak. (Str -2)]


Message History

The smoke demon roars!
Your shadow mimicks your spell!
The shadow shard hits the smoke demon.
The smoke demon gestures at you. Something smites you!
* * * LOW HITPOINT WARNING * * *
Casting: Throw Icicle
Confirm with . or Enter, or press ? or * to list all spells.
Aiming: Throw Icicle
Press: ? - help, Shift-Dir - straight line, f/p - smoke demon
Aim: a smoke demon (almost dead, umbra)
The shard of ice hits the smoke demon.
You kill the smoke demon!
Dithmenos accepts your kill.
Dithmenos appreciates your extinguishing a source of fire.
A starcursed mass comes into view.
The ancient lich shouts!
The wretched star glows turbulently.
The orb of energy hits you!
You die...

L.## .X.#. ##.#..
......# # .# #..
##.....#. .## .
..##.#..#..# ..# # ..
....# ##...###..#. .#
......#.##..@...#
.#..# #
#####.##..#....##..#.#
#.....#.....#.........
# ....
§....######..##..# ..
..§..###.#...*## ....
...#..#....# . .
.#....##.#.#.# 3. ..
#.. ##* .#.. ##..#. ..
..........X


You could see an ancient lich and a wretched star.

Vanquished Creatures
  2 tentacled starspawn (Abyss:1)
  Maud (D:11)
  7 hydras
  Erolcha (Orc:1)
  3 centaur warriors
  Erica (Lair:2)
  A catoblepas (D:13)
  A salamander stormcaller (D:12)
  An ogre mage (D:13)
  A queen ant (Lair:8)
  A thrashing horror (Abyss:1)
  A tengu warrior (D:11)
  12 death yaks
  5 orc high priests (Orc:4)
  A deep elf knight (D:13)
  2 skeletal warriors (D:13)
  An unseen horror (D:11)
  6 orc knights
  An orb spider (Lair:5)
  12 ugly things
  4 cyclopes
  4 griffons
  4 hill giants
  A giant orange brain (Abyss:1)
  8 elephants
  A manticore (D:13)
  2 smoke demons (Abyss:1)
  4 black mambas
  4 centaur zombies
  2 torpor snails (Lair:6)
  2 gargoyles
  6 komodo dragons
  16 spiny frogs
  2 kobold demonologists
  5 fire drakes
  2 spriggan druids (Lair:8)
  2 ancient zymes (Abyss:1)
  6 two-headed ogres
  A troll (D:15)
  12 polar bears
  2 raiju (Abyss:1)
  2 deep elf priests (D:13)
  A trapdoor spider zombie (D:9)
  A boulder beetle (Lair:4)
  33 blink frogs
  A queen bee (Orc:2)
  A fire giant simulacrum (Abyss:1)
  A snapping turtle (Lair:6)
  3 spriggans (Lair:8)
  6 redbacks (Lair:8)
  A hungry ghost (D:11)
  A wraith (D:13)
  9 deep elf fighters
  A deep elf mage (D:9)
  12 hippogriffs
  4 vampire mosquitoes (D:12)
  10 basilisks
  A golden eye (shapeshifter) (D:15)
  38 yaks
  A steam dragon (D:13)
  31 wolves
  5 wyverns
  2 mottled dragons
  5 insubstantial wisps (Abyss:1)
  18 soldier ants (Lair:8)
  3 wargs
  13 porcupines
  3 sky beasts
  22 water moccasins
  3 wasps
  44 orc warriors
  3 ice beasts
  13 ogres
  A spiny frog skeleton (Abyss:1)
  A phantom (D:11)
  An eye of draining (Abyss:1)
  12 black bears
  A necrophage (D:11)
  26 crocodiles
  2 big kobolds
  13 centaurs
  A brain worm (D:12)
  29 giant frogs
  A scorpion (D:13)
  5 wights (D:12)
  3 electric eels
  15 killer bees
  6 crimson imps
  4 jellies
  3 centaur skeletons
  2 giant frog zombies
  7 hounds
  43 orc priests
  5 giant frog skeletons
  A hell rat (Lair:4)
  13 iguanas
  31 orc wizards
  35 worker ants
  18 sheep
  3 hound skeletons
  2 worker ant zombies (D:9)
  8 gnolls
  10 adders
  25 river rats
  5 shadow imps
  3 oozes
  A worm (D:3)
  10 giant geckos
  165 orcs
  15 bats
  2 bat skeletons
  2 giant cockroaches
  28 goblins
  19 hobgoblins
  16 jackals
  26 kobolds
  4 quokkas
  2 ball pythons
  A giant cockroach zombie (D:5)
  12 giant newts
  A quokka skeleton (D:5)
  A quokka zombie (D:6)
  14 rats
  A fungus (Lair:8)
  2 plants (Lair:8)
  2 starspawn tentacles (Abyss:1)
1102 creatures vanquished.

Vanquished Creatures (collateral kills)
  Kirke (Lair:5)
  A catoblepas (Lair:5)
  8 death yaks
  2 skeletal warriors (D:13)
  2 orc knights (Orc:4)
  2 deep elf conjurers (Orc:4)
  A shining eye (Lair:8)
  An elephant (Lair:7)
  3 ugly things
  3 spiny frogs
  A gargoyle (D:11)
  A komodo dragon (Lair:7)
  2 polar bears (Lair:5)
  2 trolls
  9 blink frogs
  2 spriggans (Lair:8)
  4 hogs (Lair:5)
  14 yaks
  2 deep elf fighters (Orc:4)
  3 hungry ghosts
  A hippogriff (Lair:8)
  9 wolves
  A warg (D:8)
  2 water moccasins (Lair:8)
  A porcupine (Lair:7)
  4 orc warriors
  2 wasps (Lair:8)
  2 black bears
  An eye of draining (D:11)
  4 ogres
  3 crocodiles (Lair:4)
  A giant frog (Lair:3)
  4 wights (D:8)
  11 killer bees
  A jelly (D:9)
  2 orc priests (Orc:4)
  3 hell rats (Lair:4)
  2 gnolls (D:8)
  22 river rats
  8 orcs
  3 bats
  2 fungi (Lair:8)
153 creatures vanquished.

Vanquished Creatures (others)
  A spiny frog (Lair:3)
  2 orc warriors (Orc:4)
  A human (Lair:5)
  A wyvern zombie (D:11)
  A wyvern skeleton (D:13)
  2 killer bees (D:10)
  A bush (Lair:8)
  33 fungi
  20 plants
  5 starspawn tentacles (Abyss:1)
  89 starspawn tentacle segments (Abyss:1)
156 creatures vanquished.

Grand Total: 1411 creatures vanquished

Notes
Turn   | Place    | Note
--------------------------------------------------------------
     0 | D:1      | Slowtrain the Octopode Ice Elementalist began the quest for the Orb.
     0 | D:1      | Reached XP level 1. HP: 11/11 MP: 3/3
   253 | D:1      | Reached XP level 2. HP: 15/17 MP: 1/5
   515 | D:1      | Learned a level 2 spell: Throw Frost
  1006 | D:1      | Reached skill level 4 in Ice Magic
  1126 | D:1      | Reached XP level 3. HP: 21/21 MP: 6/6
  1149 | D:1      | Learned a level 3 spell: Ozocubu's Armour
  1481 | D:2      | Reached skill level 1 in Charms
  1786 | D:2      | Reached XP level 4. HP: 27/27 MP: 7/7
  2234 | D:2      | Found a faded altar to an unknown god.
  3750 | D:4      | Reached XP level 5. HP: 29/31 MP: 4/8
  3788 | D:4      | Found a bloodstained altar of Trog.
  3851 | D:4      | Reached skill level 5 in Ice Magic
  4515 | D:4      | Found a shadowy altar of Dithmenos.
  4515 | D:4      | Noticed a phantom
  4532 | D:4      | Became a worshipper of Dithmenos the Shadowed
  4621 | D:4      | Reached XP level 6. HP: 20/36 MP: 3/9
  4769 | D:5      | Entered Level 5 of the Dungeon
  5076 | D:5      | Found a staircase to the Ecumenical Temple.
  6148 | D:6      | Reached XP level 7. HP: 41/41 MP: 8/13
  6604 | D:6      | Reached skill level 5 in Spellcasting
  7002 | D:6      | Reached XP level 8. HP: 29/46 MP: 15/15
  7202 | D:6      | Reached skill level 6 in Ice Magic
  7208 | D:6      | Learned a level 4 spell: Throw Icicle
  7213 | D:6      | Found a bloodstained altar of Trog.
  8299 | D:7      | Reached skill level 7 in Ice Magic
  8419 | D:7      | Reached skill level 5 in Conjurations
  8873 | D:7      | Reached XP level 9. HP: 17/51 MP: 6/16
  8875 | D:7      | Acquired Dithmenos's first power
  9097 | D:7      | Reached skill level 8 in Ice Magic
  9120 | D:7      | Learned a level 4 spell: Summon Ice Beast
  9331 | D:7      | Reached skill level 1 in Summonings
  9516 | D:7      | Found a deep blue altar of Sif Muna.
 10890 | D:8      | Reached skill level 9 in Ice Magic
 11960 | D:9      | Reached skill level 5 in Summonings
 12118 | D:9      | Found a staircase to the Orcish Mines.
 12127 | D:9      | Reached XP level 10. HP: 50/56 MP: 12/17
 12275 | D:10     | Entered Level 10 of the Dungeon
 12290 | D:10     | Acquired Dithmenos's second power
 12467 | D:10     | Found a shadowy altar of Dithmenos.
 12877 | D:10     | Noticed a hill giant
 12893 | D:10     | Killed a hill giant
 12893 | D:10     | Reached skill level 5 in Stealth
 13335 | D:10     | Noticed a hill giant
 13380 | D:10     | Killed a hill giant
 13644 | D:10     | Reached skill level 5 in Dodging
 14248 | D:10     | Noticed an eight-headed hydra
 14989 | D:9      | Found a staircase to the Lair.
 15937 | D:9      | HP: 2/56 [orc/mace of draining (3)]
 16761 | D:9      | Reached XP level 11. HP: 61/61 MP: 1/20
 17212 | D:11     | Noticed a hill giant
 17449 | D:11     | Killed a hill giant
 17456 | D:11     | Acquired Dithmenos's third power
 17997 | D:11     | Learned a level 4 spell: Condensation Shield
 18026 | D:11     | Noticed a tengu warrior
 18054 | D:11     | Killed a tengu warrior
 18347 | D:11     | Noticed a cyclops
 18702 | Lair:1   | Entered Level 1 of the Lair of Beasts
 18919 | Lair:1   | Reached skill level 1 in Maces & Flails
 20063 | Lair:2   | Noticed a six-headed hydra
 20070 | Lair:2   | Noticed Erica
 20076 | Lair:2   | Killed a six-headed hydra
 20440 | Lair:2   | Reached skill level 5 in Maces & Flails
 21611 | Lair:2   | Killed Erica
 21783 | Lair:3   | Reached XP level 12. HP: 6/66 MP: 9/24
 23025 | Lair:3   | Noticed a death yak
 23026 | Lair:3   | Noticed a death yak
 23026 | Lair:3   | Noticed a death yak
 23026 | Lair:3   | Noticed a death yak
 23048 | Lair:3   | Killed a death yak
 23087 | Lair:3   | HP: 1/66 [spiny frog (19)]
 23095 | Lair:3   | Killed a death yak
 23128 | Lair:3   | Killed a death yak
 23413 | Lair:3   | Killed a death yak
 23628 | Lair:3   | Reached skill level 1 in Fighting
 23816 | Lair:3   | Found a staircase to the Snake Pit.
 24746 | Lair:4   | Reached skill level 5 in Fighting
 27122 | Lair:5   | Noticed a seven-headed hydra
 27131 | Lair:5   | Killed a seven-headed hydra
 27131 | Lair:5   | Reached XP level 13. HP: 86/88 MP: 19/25
 27146 | Lair:5   | Noticed Kirke
 27157 | Lair:5   | Acquired Dithmenos's fourth power
 27351 | Lair:5   | Killed Kirke
 27666 | Lair:5   | Reached skill level 1 in Invocations
 27789 | Lair:5   | Noticed a catoblepas
 27825 | Lair:5   | Killed a catoblepas
 28278 | Lair:5   | Found a hole to the Spider Nest.
 29264 | Lair:5   | Noticed an eight-headed hydra
 29274 | Lair:5   | Killed an eight-headed hydra
 29898 | Lair:5   | Upgraded the game from 0.17-a0-1378-g281efdd to 0.17-a0-1382-gc46a074
 29952 | Lair:6   | Reached skill level 5 in Invocations
 31556 | Lair:6   | Found a staircase to the Shoals.
 31976 | Lair:6   | Reached skill level 10 in Dodging
 32266 | Lair:6   | Reached XP level 14. HP: 81/95 MP: 17/26
 33484 | Lair:7   | Reached skill level 1 in Evocations
 33775 | Lair:7   | Reached skill level 10 in Maces & Flails
 34756 | Lair:8   | Entered Level 8 of the Lair of Beasts
 35987 | Lair:8   | Reached skill level 5 in Evocations
 36946 | Lair:8   | Reached skill level 10 in Conjurations
 36962 | Lair:8   | Learned a level 6 spell: Poison Arrow
 37264 | Lair:8   | Reached skill level 1 in Poison Magic
 38328 | Lair:8   | Reached XP level 15. HP: 88/100 MP: 8/27
 38653 | Lair:8   | HP: 4/100 [blink frog (11)]
 39097 | Lair:4   | Reached skill level 5 in Poison Magic
 39314 | Orc:1    | Entered Level 1 of the Orcish Mines
 39314 | Orc:1    | Noticed Erolcha
 39500 | Orc:1    | Killed Erolcha
 40041 | Orc:2    | Found Toar's Antique Weapon Shop.
 40197 | Orc:2    | Reached skill level 11 in Conjurations
 41252 | Orc:3    | Found Tesqush's Tempting Trifles.
 41305 | Orc:3    | Found a staircase to the Elven Halls.
 41313 | Orc:3    | Bought a wand of teleportation (5) for 378 gold pieces
 41959 | Orc:4    | Entered Level 4 of the Orcish Mines
 41976 | Orc:4    | Found Ipomos's Distillery.
 42001 | Orc:4    | Bought 2 potions of might for 112 gold pieces
 42001 | Orc:4    | Bought a potion of heal wounds for 70 gold pieces
 42001 | Orc:4    | Bought a potion of haste for 140 gold pieces
 42001 | Orc:4    | Bought a potion of heal wounds for 70 gold pieces
 44693 | Orc:4    | Found Gutsysk's Distillery.
 44693 | Orc:4    | Found Nuirhuav's Jewellery Shoppe.
 44701 | Orc:4    | Reached skill level 12 in Conjurations
 44704 | Orc:4    | Found Enafyrim's General Store.
 44704 | Orc:4    | Found Optaep's Assorted Antiques.
 44713 | Orc:4    | Bought a scroll of identify for 26 gold pieces
 44713 | Orc:4    | Bought a scroll of identify for 26 gold pieces
 44713 | Orc:4    | Bought a +3 ring of protection for 273 gold pieces
 44713 | Orc:4    | Bought a scroll of identify for 26 gold pieces
 44717 | Orc:4    | Bought a +3 ring of evasion for 252 gold pieces
 44717 | Orc:4    | Bought an uncursed ring of stealth for 210 gold pieces
 44717 | Orc:4    | Bought an uncursed ring of magical power for 240 gold pieces
 44729 | Orc:4    | Bought a scroll of blinking for 187 gold pieces
 44729 | Orc:4    | Bought a dazzling dire flail for 225 gold pieces
 44729 | Orc:4    | Identified the +7 dire flail of Ured {crush, *Drain +Inv Int+3} (You bought it in a shop on level 4 of the Orcish Mines)
 44755 | Orc:4    | Bought a meat ration for 65 gold pieces
 44755 | Orc:4    | Bought 14 poisoned needles for 72 gold pieces
 47770 | Lair:8   | Reached XP level 16. HP: 102/106 MP: 28/28
 48121 | Lair:8   | Learned a level 1 spell: Summon Butterflies
 48377 | Lair:8   | Found a staircase to the Slime Pits.
 48931 | D:11     | Found Kocsept's Assorted Antiques.
 48932 | D:11     | Noticed Maud
 48939 | D:11     | Killed Maud
 48939 | D:11     | Reached skill level 13 in Conjurations
 48946 | D:11     | Bought a potion of heal wounds for 155 gold pieces
 48946 | D:11     | Bought a scroll of identify for 62 gold pieces
 49078 | D:11     | Noticed an unseen horror
 49086 | D:11     | Killed an unseen horror
 49417 | D:11     | Noticed a cyclops
 49440 | D:11     | Killed a cyclops
 49444 | D:11     | Killed a cyclops
 50419 | D:12     | Noticed Psyche
 51188 | D:13     | Reached skill level 10 in Spellcasting
 51535 | D:13     | Found a corrupted altar of Lugonu.
 51554 | D:13     | Identified a -2 rod of ignition (12/12) (You found it on level 13 of the Dungeon)
 51866 | D:13     | Found a gate to the Vaults.
 52838 | D:13     | Upgraded the game from 0.17-a0-1382-gc46a074 to 0.17-a0-1393-gcb420ff
 53261 | D:14     | Reached skill level 14 in Conjurations
 53766 | D:15     | Entered Level 15 of the Dungeon
 53863 | D:15     | Cast into the Abyss (an ogre mage)
 53979 | Abyss:1  | Noticed an ancient lich
 53995 | Abyss:1  | Noticed a tentacled starspawn
 54059 | Abyss:1  | Noticed a tentacled starspawn
 54076 | Abyss:1  | Killed a tentacled starspawn
 54282 | Abyss:1  | Killed a tentacled starspawn
 54282 | Abyss:1  | Reached skill level 10 in Poison Magic
 54419 | Abyss:1  | Noticed an Executioner
 54437 | Abyss:1  | HP: 4/106 [Executioner[an ancient lich] (13)]
 54442 | Abyss:1  | HP: 5/106 [Executioner[an ancient lich] (6)]
 54442 | Abyss:1  | HP: 2/106 [Executioner[an ancient lich] (3)]
 54444 | Abyss:1  | Found a corrupted altar of Lugonu.
 54465 | Abyss:1  | Noticed an ancient lich
 54609 | Abyss:1  | Reached skill level 10 in Invocations
 54635 | Abyss:1  | Killed from afar by a wretched star

Vault maps used:
D:1:      dpeg_arrival_boxorama, minivault_5, kennysheep_boxes
D:2:      lemuel_upstairs_altar, ecumenical_altar_2, serial_bayou_pond_a
D:4:      lemuel_doored_altar, grunt_dithmenos_shadows
D:5:      minmay_temple_entry_trees, first_bread
D:6:      basic_altar, minivault_1
D:7:      kennysheep_orc_sif_temple
D:9:      erik_lair_orcish_takeover, orc_0_dummy
D:10:     basic_altar
D:11:     minmay_opposing_rooms, serial_shops, shop, hangedman_stone_soup,
          uniq_maud
D:12:     hive_lemuel, uniq_psyche
D:13:     hangedman_vaults_entry_quadrant_bands, tgw_lugonu_bribe
D:14:     infiniplex_staircase_trident
D:15:     grunt_enter_depths_hoard, minmay_misc_feat_enclosed
Lair:1:   grunt_forest_small_clearing_treed
Lair:2:   uniq_erica
Lair:3:   dummy_snake_entry, beast_lair_carwin_2, serial_bayou_shore_b
Lair:4:   lemuel_reptile_caves
Lair:5:   nicolae_spider_entry_orb_guardian, beast_lair_carwin_3, uniq_kirke
Lair:6:   minmay_shoals_entry_hut
Lair:8:   minmay_lair_end_enchanted_forest, dpeg_slime_entry_corner,
          zaba_anthell
Orc:1:    uniq_erolcha
Orc:2:    serial_shops, nicolae_shop_trees, special_room
Orc:3:    nicolae_orc_pool_cavern, nicolae_alphabet_shops
Orc:4:    st_orc_pillars, serial_shops, shop_fountains, elves_outpost_lemuel

Action                   |  1- 3 |  4- 6 |  7- 9 | 10-12 | 13-15 | 16-18 || total
-------------------------+-------+-------+-------+-------+-------+-------++-------
Melee: Mace              |    41 |       |       |       |       |       ||    41
       Dagger            |    17 |   144 |   254 |   271 |       |       ||   686
       Short sword       |       |    24 |       |       |       |       ||    24
       Rapier            |       |     2 |       |       |       |       ||     2
       Flail             |       |       |       |    19 |       |       ||    19
       Dire flail        |       |       |       |    81 |  1133 |   414 ||  1628
 Fire: Blowgun           |       |       |       |    45 |   122 |     1 ||   168
Throw: Stone             |     5 |    32 |    22 |     9 |    13 |       ||    81
 Cast: Freeze            |    11 |    16 |     5 |    86 |   103 |       ||   221
       Ozocubu's Armour  |       |    12 |    20 |    53 |   137 |    52 ||   274
       Throw Frost       |       |     3 |    39 |    52 |   112 |     6 ||   212
       Throw Icicle      |       |       |     7 |   146 |   271 |   157 ||   581
       Summon Ice Beast  |       |       |     4 |    83 |   138 |    21 ||   246
       Condensation Shie |       |       |       |     7 |   107 |    40 ||   154
       Summon Butterflie |       |       |       |       |       |     1 ||     1
Invok: Shadow Step       |       |       |       |       |       |     1 ||     1
       Shadow Form       |       |       |       |       |       |     1 ||     1
Evoke: Wand              |       |     3 |     3 |    13 |    13 |       ||    32
  Use: Scroll            |       |    13 |     2 |    12 |    16 |     7 ||    50
       Potion            |       |     3 |       |     8 |     5 |    10 ||    26
 Stab: Sleeping          |    10 |    12 |    10 |    18 |    47 |    15 ||   112
       Paralysed         |       |     2 |     2 |       |       |       ||     4
       Distracted        |       |       |     2 |     9 |    11 |     4 ||    26
       Invisible         |       |       |       |     1 |       |       ||     1
  Eat: Chunk             |     2 |    10 |    20 |    33 |    64 |    18 ||   147
       Pizza             |       |     2 |       |       |     2 |       ||     4
       Beef jerky        |       |     2 |     1 |       |     1 |     1 ||     5
       Meat ration       |       |       |       |     8 |     4 |     2 ||    14
       Royal jelly       |       |       |       |     1 |     4 |       ||     5
       Bread ration      |       |       |       |       |     1 |       ||     1
